← All builds
Air / Legion / Economy first / OBSERVED BUILD

Standard air

Legion Air build order · Supreme Isthmus

Legion air player opens with Drone Plant and builds up economy with an Advanced Metal Extractor around 7 minutes, mostly holding off aircraft production early while supporting the team with transports and later Noctua bombers or other…

Usually no aircraft (84%)

#eco #air #team support · 55 distinct matches · 32 players · 78% of Legion Air games · team won 60% of 62 · Recently observed

HOW TO PLAY IT

Key timing: Legion Drone Plant by 1:21

  1. Take mex and wind while queuing the drone plant early.
  2. Get the drone plant up before 1:33 to start the economy base.
  3. Add an advanced mex to keep scaling economy for the team.
  4. Bring a fusion reactor online to support later tech.
  5. Supply allies with Noctua, Aeolus and Hippotes while building Noctua bombers.

Phase by phase

TYPICAL OF ITS 55 GAMES
  1. 1
  2. 2
  3. 3
PLAY THE OPENING

Follow the example game's first 6:00 step by step: what to build now, what comes next, and where it goes. At 1× it keeps pace with your own game.

  1. 1

    Up to the Legion Drone Plant

    Economy
    • Metal Extractor3Mex
    • Wind Turbine4Wind
    Order
    1. Legion Drone PlantLegion Drone Plant after 3 mex, 4 winddone ~1:24, middle half 1:16–1:35

    Some games also: energy storage (31%)

    By 1:02 in all: 3 mex · 4 wind

    The example game in this phase · 3 steps
    1. Mex ×3
    2. Wind ×2
    3. Legion Drone PlantLegion Drone Plantdone 1:10 · typical 1:24
  2. 2

    Legion Drone Plant to 5:00

    Economy
    • Metal Extractor1Mex
    • Wind Turbine11Wind
    • Wind Turbine3Wind
    Builders
    • Construction Turret2 Con turret
    • Legion Construction Aircraft1 Legion Construction Aircraft
    Army
    • Noctua12 Noctua
    • Noctua2 Noctua for allies
    • Aeolus2 Aeolus for allies
    • Hippotes1 Hippotes for allies

    Some games also: energy storage (50%) · converter (37%) · mex (35%)

    By 5:00 in all: 3 mex · 1 mex · 15 wind · 3 wind · 1 energy storage · 2 con turret

    The example game in this phase · 46 steps
    1. NoctuaNoctuafor Geo sea
    2. Wind ×2for Tech
    3. AeolusAeolusfor Geo sea
    4. Wind ×2
    5. NoctuaNoctuafor Beach sea
    6. AeolusAeolusfor Beach sea
    7. Legion Construction AircraftLegion Construction Aircraft
    8. Con turret
    9. AeolusAeolus
    10. Mex
    11. NoctuaNoctua ×2
    12. Wind
    13. NoctuaNoctua
    14. Legion Construction AircraftLegion Construction Aircraft
    15. Wind ×2
    16. NoctuaNoctua
    17. Con turret
    18. NoctuaNoctua
    19. Wind
    20. NoctuaNoctua
    21. Wind ×2
    22. NoctuaNoctua
    23. Con turret
    24. Wind
    25. NoctuaNoctua
    26. Wind
    27. Con turret
    28. Wind
    29. NoctuaNoctua
    30. Con turret
    31. Wind
    32. Converter
    33. Wind
    34. NoctuaNoctua
    35. Wind
    36. NoctuaNoctua
    37. Converter
    38. NoctuaNoctua
    39. Wind
    40. NoctuaNoctua
    41. Converter
    42. Wind ×2
    43. Converter
    44. Wind ×2
    45. Converter
    46. Wind ×3
  3. 3

    5:00 to 10:00

    Economy
    • Wind Turbine18Wind
    • Wind Turbine4Wind
    • Energy Converter8Converter
    Order
    1. Legion Drone PlantEat Legion Drone Plant in 74% of games
    Builders
    • Construction Turret3 Con turret
    Army
    • Noctua22 Noctua

    Some games also: Legion Drone Plant (47%) · fusion (39%) · Legion Construction Aircraft (35%) · aeolus (35%) · mosquito (34%)

    By 10:00 in all: 3 mex · 1 mex · 23 wind · 20 wind · 9 converter · 1 energy storage

    The example game in this phase · 251 steps
    1. Converter
    2. Wind
    3. Con turret
    4. Wind ×2
    5. Converter
    6. Wind ×2
    7. Converter
    8. Wind
    9. Converter
    10. Wind
    11. Converter
    12. Wind
    13. Converter
    14. Wind ×2
    15. Converter ×2
    16. Wind ×2
    17. Converter
    18. Wind ×2
    19. Converter
    20. Wind
    21. Converter
    22. Wind ×2
    23. Converter
    24. Wind
    25. Converter
    26. Wind
    27. Converter
    28. Wind
    29. AeolusAeolusfor Tech
    30. Wind ×2
    31. Converter
    32. Wind ×3
    33. Converter
    34. Wind
    35. Converter
    36. Wind ×2
    37. Converter ×2
    38. Legion Construction AircraftLegion Construction Aircraft
    39. Wind ×4
    40. Converter
    41. Wind ×3
    42. Energy storage
    43. Converter
    44. Wind ×3
    45. NoctuaNoctua
    46. Converter
    47. Wind ×2
    48. NoctuaNoctua
    49. Wind
    50. NoctuaNoctua
    51. Wind ×2
    52. NoctuaNoctua
    53. Converter
    54. Wind
    55. NoctuaNoctua
    56. Wind ×2
    57. NoctuaNoctua
    58. Wind
    59. Converter
    60. NoctuaNoctua
    61. Wind
    62. NoctuaNoctua
    63. Wind
    64. NoctuaNoctua
    65. Wind
    66. Converter
    67. NoctuaNoctua
    68. HippotesHippotes
    69. Wind
    70. Mex
    71. CacophonyCacophony
    72. Wind ×2
    73. Converter
    74. Wind ×3
    75. Converter
    76. Wind ×2
    77. Advanced Metal ExtractorT2 mexdone 9:08
    78. NoctuaNoctua
    79. Wind
    80. Converter
    81. Wind
    82. Converter
    83. BrambleBramble
    84. NoctuaNoctua
    85. BrambleBramble ×2
    86. Mex
    87. Converter
    88. NoctuaNoctua
    89. HippotesHippotes
    90. Converter ×3
    91. Legion Construction AircraftLegion Construction Aircraft
    92. Converter
    93. Wind ×2
    94. NoctuaNoctua
    95. Advanced Metal ExtractorT2 mex
    96. PharosPharos
    97. Wind
    98. NoctuaNoctua
    99. Converter
    100. Wind
    101. NoctuaNoctua
    102. Wind ×2
    103. NoctuaNoctua
    104. Wind
    105. NoctuaNoctua
    106. Wind ×2
    107. Converter
    108. NoctuaNoctua
    109. Wind
    110. NoctuaNoctua
    111. BrambleBramble
    112. Wind
    113. NoctuaNoctua
    114. Converter
    115. RhapsisRhapsis
    116. NoctuaNoctua ×3
    117. Wind
    118. Converter
    119. NoctuaNoctua
    120. Wind ×2
    121. NoctuaNoctua
    122. Wind
    123. Converter
    124. BrambleBramble
    125. Wind
    126. NoctuaNoctua
    127. Wind ×2
    128. NoctuaNoctua
    129. Converter
    130. Wind ×2
    131. NoctuaNoctua
    132. Advanced Metal ExtractorT2 mex
    133. Wind
    134. NoctuaNoctua
    135. Wind ×2
    136. Converter
    137. NoctuaNoctua
    138. Wind ×2
    139. NoctuaNoctua
    140. Wind
    141. NoctuaNoctua
    142. Converter
    143. Wind
    144. NoctuaNoctua
    145. Wind ×2
    146. NoctuaNoctua
    147. Wind
    148. Converter
    149. NoctuaNoctua
    150. Wind ×3
    151. Converter
    152. Wind
    153. NoctuaNoctua
    154. Wind ×2
    155. Con turret
    156. NoctuaNoctua
    157. Wind
    158. Advanced Metal ExtractorT2 mex
    159. Wind
    160. Converter
    161. Con turret
    162. Fusion ReactorFusiondone 13:04
    163. NoctuaNoctua
    164. Converter
    165. Con turret
    166. Wind
    167. NoctuaNoctua
    168. Wind
    169. Con turret
    170. Converter
    171. Con turret
    172. NoctuaNoctua
    173. Converter
    174. NoctuaNoctua ×3
    175. Converter
    176. NoctuaNoctua ×4
    177. Converter
    178. NoctuaNoctua
    179. Wind
    180. NoctuaNoctua ×2
    181. Converter
    182. NoctuaNoctua ×7
    183. Converter
    184. NoctuaNoctua ×4
    185. Converter
    186. NoctuaNoctua ×3
    187. Wind
    188. NoctuaNoctua ×2
    189. Converter
    190. NoctuaNoctua ×5
    191. Converter
    192. NoctuaNoctua
    193. Wind
    194. NoctuaNoctua
    195. Wind
    196. NoctuaNoctua
    197. Wind
    198. NoctuaNoctua
    199. Wind
    200. NoctuaNoctua ×2
    201. Wind
    202. AeolusAeolus
    203. Con turret
    204. T2 converter
    205. Wind ×2
    206. Con turret
    207. Wind
    208. Con turret
    209. Wind
    210. AeolusAeolus
    211. Wind
    212. Con turret
    213. Wind
    214. Con turret
    215. Wind
    216. Con turret ×2
    217. Wind
    218. Con turret
    219. Wind
    220. Con turret
    221. Wind
    222. AeolusAeolus
    223. T2 converter
    224. Wind
    225. AegisAegisdone 14:48
    226. AeolusAeolus
    227. Wind
    228. AeolusAeolus
    229. Wind ×3
    230. NoctuaNoctua
    231. Wind
    232. Advanced Fusion ReactorAdvanced Fusion Reactornot finished by 15:00
    233. NoctuaNoctua
    234. Wind ×5
    235. NoctuaNoctua
    236. Wind
    237. NoctuaNoctua
    238. Wind ×2
    239. NoctuaNoctua
    240. Wind
    241. NoctuaNoctua
    242. Naval Energy Converter
    243. NoctuaNoctua ×3
    244. Naval Energy Converter
    245. Fortification WallFortification Wall
    246. NoctuaNoctua ×4
    247. Fortification WallFortification Wall
    248. NoctuaNoctua ×3
    249. Naval Energy Converter
    250. Fortification WallFortification Wall
    251. NoctuaNoctua

Counts are medians over the build's games: half of them build more, half fewer. The example game is RollingBread's (34 OS, 20/09/2026); pick another.

Team trades

IN AT LEAST 30% OF ITS GAMES

You hand over

  • Noctua2 Noctua to Geo or Geo sea or Beach seafirst at 1:49 · in 92% of games
  • Aeolus3 Aeolus to Tech or Geo sea or Beach seafirst at 2:16 · in 100% of games
  • Hippotes1 Hippotes to Beach seafirst at 2:36 · in 60% of games

You get

  • Wind Turbine3 Wind from Beach sea or Geo seafirst at 1:28 · in 39% of games
  • Wind Turbine2 Wind from Geo sea or Beach seafirst at 1:31 · in 42% of games
  • Construction Bot1 Con bot from Techfirst at 2:24 · in 74% of games
  • Advanced Construction Bot1 T2 con bot from Techfirst at 6:05 · in 82% of games

How it plays out

Typical game of this build, running totals by minute

Metal produced

010k20k30k
0:005:0010:0015:00

metal

Enemy metal destroyed

01k2k3k
0:005:0010:0015:00

metal

Own metal lost

01k2k
0:005:0010:0015:00

metal

62 games.

Show as table
ByMetal produced: This buildEnemy metal destroyed: This buildOwn metal lost: This build
1:0039000
2:0091500
3:00145100
4:0020243640
5:0027106080
6:003524123120
7:004754196148
8:006356255200
9:008463360223
10:0010948413360
11:0013492521426
12:0016089674735
13:00190628571270
14:002240812951573
15:002560222141949
WHAT THE NUMBERS SAY

This Legion air baseline wins half its games, with far lower losses and kills than the front-facing roles by 15:00.

  • + Lowest own metal lost among air builds shown, 1850 by 15:00.
  • − Enemy metal destroyed stays low at 2055 by 15:00, little offensive impact.
THE EXAMPLE YOU ARE READING

RollingBread

34.2 OS · 20/09/2026

Open source match ↗

3 received units · includes a constructor
516 metal received · 25232 energy received

Allied construction assistance is unknown. Timings are observations, not a promise of solo reproducibility.

Typical milestones

Legion Drone Plant1:24Middle 50%: 1:16–1:35 · n=62
Advanced Metal Extractor7:04Middle 50%: 6:26–7:37 · n=52
Fusion Reactor10:29Middle 50%: 9:47–11:41 · n=33

Played most by

Hunfore6games of this buildBoozha5games of this buildTheGeneraI5games of this buildXuunnY5games of this buildAlexspeed3games of this build